 Dungeon Crawl Stone Soup version 0.28-a0-32-g8dfe7f97f6 (webtiles) character file.

Game seed: 2542564536282188263

2318 willcat the Covert (level 9, -4/51 HPs)
             Began as a Kobold Delver on July 27, 2021.
             Slain by a cyclops (31 damage)
             ... on level 10 of the Dungeon.
             The game lasted 00:05:13 (1674 turns).

willcat the Covert (Kobold Delver)                  Turns: 1674, Time: 00:05:15

Health: -4/51      AC:  4    Str: 10    XL:     9   Next: 69%
Magic:  10/13      EV: 18    Int: 11    God:
Gold:   108        SH:  0    Dex: 19    Spells: 11/14 levels left

rFire   . . .      SeeInvis .   a - +1 short sword
rCold   . . .      Faith    .   (shield restricted)
rNeg    . . .      Spirit   .   b - +0 leather armour
rPois   +          Reflect  .   i - +0 helmet
rElec   .          Harm     .   (no cloak)
rCorr   .          Rampage  .   (no gloves)
Will    .....                   (no boots)
Stlth   ++++++....              q - amulet of regeneration
HPRegen 1.17/turn               o - ring of poison resistance
MPRegen 0.13/turn               (no ring)

@: confusing by touch
A: small, no large weapons, nightstalker 3
a: no special abilities


You were on level 10 of the Dungeon.
You visited 1 branch of the dungeon, and saw 6 of its levels.

You collected 108 gold pieces.

Inventory:

Hand Weapons
 a - a +1 short sword (weapon)
Armour
 b - a +0 leather armour (worn)
 i - a +0 helmet (worn)
Jewellery
 o - a ring of poison resistance (left hand)
 p - an amulet of faith
 q - an amulet of regeneration (around neck)
Wands
 g - a wand of digging (3)
 n - a wand of mindburst (7)
 s - a wand of iceblast (7)
Scrolls
 c - 2 scrolls of fog
 d - a scroll of magic mapping
 e - a scroll of vulnerability {unknown}
 h - a scroll of enchant weapon
 j - a scroll of brand weapon {unknown}
 k - a scroll of enchant armour {unknown}
 l - a scroll of teleportation {unknown}
 m - a scroll of noise {unknown}
 r - a scroll of identify {unknown}


   Skills:
 - Level 3.2 Fighting
 - Level 7.2 Short Blades
 - Level 6.6 Dodging
 + Level 11.0 Stealth
 + Level 3.2 Spellcasting
 + Level 3.2 Hexes
 + Level 6.6 Evocations


You had 11 spell levels left.
You knew the following spells:

 Your Spells              Type           Power      Damage    Failure   Level
a - Confusing Touch       Hex            8%         N/A       28%         3

Your spell library contained the following spells:

 Spells                   Type           Power      Damage    Failure   Level
 Slow                     Hex            8%         N/A       14%         2
 Animate Skeleton         Necr           2%         N/A       34%         1
 Beastly Appendage        Tmut           2%         N/A       34%         1
 Pain                     Necr           4%         1d4       34%         1
 Wereblood                Tmut           1%         N/A       47%         2
 Spider Form              Tmut/Pois      0%         N/A       71%         3
 Vampiric Draining        Necr           0%         2d6       71%         3


Dungeon Overview and Level Annotations

Branches:
Dungeon (10/15)
 Temple: D:4-7         Lair: D:8-11         Orc: D:9-12

Altars:
Kikubaaqudgha


Innate Abilities, Weirdness & Mutations

You are small and have problems with some larger weapons.
You are completely attuned to the shadows.


Message History

The centaur warrior zombie hits you but does no damage.
The centaur warrior zombie barely misses you.
You hit the centaur warrior zombie.
The centaur warrior zombie is almost destroyed.
The centaur warrior zombie closely misses you. x2
You barely miss the centaur warrior zombie.
The centaur warrior zombie is almost destroyed.
The centaur warrior zombie barely misses you.
The centaur warrior zombie closely misses you.
You puncture the centaur warrior zombie!
You destroy the centaur warrior zombie!
Your Stealth skill increases to level 11!
Your Spellcasting skill increases to level 3!
Your Hexes skill increases to level 3!
An orc priest comes into view. It is wielding a +0 whip.
The orc priest moves out of view.
You see here 14 gold pieces.
Okay, then.
Casting: Confusing Touch (dangerous; 28% risk of failure)
Confirm with . or Enter, or press ? or * to list all spells.
Your hands begin to glow red.
The cyclops shouts!
You hear an angry buzzing noise.
You hear a shout!
You hear two shouts!
You hear a shout!
A wight comes into view. It is wielding a +3 dire flail.
The cyclops misses you.
You hear a bellow!
You hit the cyclops but do no damage.
A vampire mosquito comes into view.
Unknown command.
The cyclops hits you!!
Ouch! That really hurt!
You hear an angry buzzing noise.
You see here 21 stones.
Unknown command.
Okay, then.
You see here 14 gold pieces.
Unknown command.
The cyclops hits you!!
Ouch! That really hurt!
You die...

#...######....#####
###...'....'........#
.<#...######....###.#
###.#......†......#.#
# #.#.##########.....
# #.#.# ##....## #
#.#.# #..###.. #
#.#.# #.##[)## #
#.#.########.#@C#$##
#
#............#$##/)#
#####.######..#.#z.#
....#.# #..#(##.#
##.##.# #..#y(##=.#
#.##.# #..##(($###
#.##.# ###. #....#
####.#


You could see a cyclops, a vampire mosquito (wandering) and a wight.

Vanquished Creatures
  A two-headed ogre (D:8)
  4 centaur zombies (D:10)
  2 yaks (D:10)
  An acid dragon (D:10)
  A hornet zombie (D:8)
  A centaur (D:10)
  A bullfrog (D:7)
  A hound (D:6)
  An ufetubus (D:7)
13 creatures vanquished.

Notes
Turn   | Place    | Note
-------+----------+-------------------------------------------
     0 | D:5      | willcat the Kobold Delver began the quest for the Orb.
     0 | D:5      | Reached XP level 1. HP: 14/14 MP: 1/1
    45 | D:6      | Noticed a hound
    49 | D:6      | Killed a hound
    50 | D:6      | Reached skill level 7 in Stealth
    50 | D:6      | Reached XP level 2. HP: 19/19 MP: 2/2
    50 | D:6      | Reached XP level 3. HP: 23/23 MP: 3/3
   121 | D:6      | Found an ancient bone altar of Kikubaaqudgha.
   423 | D:7      | Noticed a killer bee
   714 | D:7      | Noticed a bullfrog
   720 | D:7      | Killed a bullfrog
   721 | D:7      | Reached XP level 4. HP: 21/28 MP: 4/4
   721 | D:7      | Reached XP level 5. HP: 24/32 MP: 5/5
   920 | D:8      | Noticed a two-headed ogre
   946 | D:8      | Killed a two-headed ogre
   947 | D:8      | Reached skill level 5 in Dodging
   947 | D:8      | Reached skill level 9 in Stealth
   947 | D:8      | Reached XP level 6. HP: 37/37 MP: 6/6
   947 | D:8      | Reached XP level 7. HP: 41/41 MP: 7/7
   947 | D:8      | Reached XP level 8. HP: 46/46 MP: 8/8
  1146 | D:9      | Noticed a death yak
  1147 | D:9      | Noticed a death yak
  1384 | D:9      | Noticed a death yak
  1403 | D:10     | Entered Level 10 of the Dungeon
  1456 | D:10     | Noticed a yak
  1456 | D:10     | Noticed a yak
  1488 | D:10     | Reached skill level 5 in Evocations
  1513 | D:10     | Learned a level 3 spell: Confusing Touch
  1542 | D:10     | Killed a yak
  1543 | D:10     | Reached skill level 10 in Stealth
  1543 | D:10     | Reached skill level 1 in Spellcasting
  1543 | D:10     | Reached skill level 1 in Hexes
  1543 | D:10     | Reached XP level 9. HP: 51/51 MP: 8/10
  1588 | D:10     | Noticed a cyclops
  1638 | D:10     | Reached skill level 11 in Stealth
  1674 | D:10     | Slain by a cyclops

Illustrated notes

Levels and vault maps discovered:
D:5:      layout_gridville, nicolae_shop_overcharged_wands, uniq_grinder,
          uniq_blork_the_orc
D:6:      layout_basic, kennysheep_mini, nicolae_tso_besieged_by_evil,
          minmay_temple_entry_hall
D:7:      layout_loops_corners
D:8:      layout_basic, nicolae_elyvilon_peaceful_grove, uniq_pikel
D:9:      layout_roguey [special_room_bee], dpeg_lair_monsters
D:10:     layout_basic, lemuel_doored_altar, amcnicky_altar_gilded,
          nicolae_blasting_shop, minmay_alternating_orb

Skill      XL: |  1  2  3  4  5  6  7  8  9 |
---------------+----------------------------+-----
Short Blades   | 3 4 6 7 |  7.2
Dodging        | 3 5 6 |  6.6
Stealth        | 7 9 10 11 | 11.0
Evocations     | 3 5 6 |  6.6
Spellcasting   | 1 3 |  3.2
Hexes          | 1 3 |  3.2
Fighting       | |  3.2

Action                   |  1- 3 |  4- 6 |  7- 9 || total
-------------------------+-------+-------+-------++-------
Melee: Short sword       |     7 |       |    39 ||    46
 Cast: Confusing Touch   |       |       |     2 ||     2
Evoke: Wand              |       |     8 |     9 ||    17
  Use: Potion            |     2 |     1 |       ||     3
       Scroll            |       |       |     3 ||     3
 Stab: Sleeping          |     3 |       |     4 ||     7
       Paralysed         |       |       |     6 ||     6
       Confused          |       |       |     2 ||     2
Armor: Leather armour    |       |       |    26 ||    26
Dodge: Dodged            |     5 |       |    51 ||    56

Table legend: (Time is in decaauts)
 A = Elapsed time spent in this place.
 B = Non-inter-level travel time spent in this place.
 C = Inter-level travel time spent in this place.
 D = Time resting spent in this place.
 E = Time spent auto-exploring this place.
 F = Levels seen in this place.
 G = Mean time per level.
                   A        B        C        D        E       F      G
               +--------+--------+--------+--------+--------+-----+--------+
         Total |   1627 |   1616 |     11 |    502 |    519 |   6 |  271.2 |
       Dungeon |   1627 |   1616 |     11 |    502 |    519 |   6 |  271.2 |
               +--------+--------+--------+--------+--------+-----+--------+

Top non-repeatable levels by time:
     D:7: 481 daAuts
     D:6: 367 daAuts
     D:9: 317 daAuts
    D:10: 260 daAuts
     D:8: 180 daAuts
     D:5: 20 daAuts
